 Dungeon Crawl Stone Soup version 0.19-a0-1889-g9c603be (webtiles) character file.

506 tboon the Covered (level 6, -11/56 HPs)
             Began as a Minotaur Fighter on Oct 17, 2016.
             Mangled by an ogre
             ... wielding a +0 giant club
              (13 damage)
             ... on level 3 of the Dungeon.
             The game lasted 00:06:24 (1825 turns).

tboon the Covered (Minotaur Fighter)                Turns: 1825, Time: 00:06:24

Health: -11/56     AC:  8    Str: 21    XL:     6   Next: 97%
Magic:  5/5        EV:  8    Int:  6    God:
Gold:   144        SH: 10    Dex: 10    Spells: 0 memorised, 5 levels left

rFire  . . .     SeeInvis .     a - +0 war axe
rCold  . . .     Gourm    .     b - +0 scale mail
rNeg   . . .     Faith    .     c - +0 shield
rPois  .         Spirit   .     (helmet restricted)
rElec  .         Reflect  .     t - +0 cloak
rCorr  .         Harm     .     (no gloves)
MR     .....                    (no boots)
Stlth  ..........               (no amulet)
                                (no ring)
                                (no ring)

@: no status effects
A: retaliatory headbutt, horns 2
a: no special abilities


You were on level 3 of the Dungeon.
You were not hungry.

You visited 1 branch of the dungeon, and saw 3 of its levels.

You collected 144 gold pieces.

Inventory:

Hand Weapons
 a - a +0 war axe (weapon)
Armour
 b - a +0 scale mail (worn)
 c - a +0 shield (worn)
 l - a +3 chain mail
 s - a +0 plate armour
 t - a +0 cloak (worn)
Jewellery
 v - a cursed ring of teleportation {unknown}
Scrolls
 e - 2 scrolls of blinking {unknown}
 h - a scroll of amnesia {unknown}
 i - a scroll of magic mapping {unknown}
 j - 2 scrolls of identify {unknown}
 k - a scroll of fear {unknown}
 m - a scroll of random uselessness {unknown}
 q - 3 scrolls of remove curse
Potions
 g - a potion of invisibility {unknown}
 n - a potion of mutation {unknown}
 p - a potion of magic
 r - a potion of beneficial mutation {unknown}
 u - a potion of flight {unknown}
Comestibles
 d - 2 meat rations
 f - 3 bread rations
 o - 9 chunks of flesh


   Skills:
 + Level 5.4 Fighting
 * Level 5.2 Axes
 + Level 5.5 Armour
 - Level 1.3 Dodging
 + Level 5.4 Shields


You had 5 spell levels left.
You didn't know any spells.

Dungeon Overview and Level Annotations

Branches:
Dungeon (3/15)

Altars:
Ashenzari


Innate Abilities, Weirdness & Mutations

You reflexively headbutt those who attack you in melee.
You have a pair of horns on your head.


Message History

An ogre comes into view. It is wielding a giant club.
The ogre shouts!
It was a potion of magic.
Magic courses through your body.
As you read the scroll labeled MAHUKE DYDIH, it crumbles to dust.
You feel blessed for a moment.
It was a scroll of remove curse.
Some of the chunks of flesh in your inventory have rotted away.
The ogre hits you with a giant club.
* * * LOW HITPOINT WARNING * * *
Your scale mail prevents you from hitting the ogre.
The ogre barely misses you.
Your shield and scale mail prevent you from hitting the ogre.
The ogre hits you with a giant club!
* * * LOW HITPOINT WARNING * * *
You slash the ogre!
The ogre is heavily wounded.
You block the ogre's attack.
You barely miss the ogre.
The ogre is heavily wounded.
The ogre hits you with a giant club!
You die...

####### ##......
#######...######
#....@O.........
#.#####...###..#
#####.##
######.##.....#
##......##.###..?....
####.#.######.#
#.......
#...###.....#.#
######..
###.##.#.####.#O# .
..#.###.## #.#.#


You could see an ogre.

Vanquished Creatures
  Grinder (D:3)
  Sigmund (D:2)
  Crazy Yiuf (D:2)
  Ijyb (D:2)
  3 gnolls (D:2)
  2 adders (D:3)
  An ooze (D:1)
  A worm (D:3)
  2 dart slugs (D:2)
  2 leopard geckos (D:3)
  A ball python (D:2)
  2 giant cockroaches (D:2)
  6 goblins
  6 hobgoblins
  2 quokkas
  10 bats
  2 frilled lizards
  4 kobolds
  4 rats
52 creatures vanquished.

Notes
Turn   | Place    | Note
-------+----------+-------------------------------------------
     0 | D:1      | tboon the Minotaur Fighter began the quest for the Orb.
     0 | D:1      | Reached XP level 1. HP: 19/19 MP: 0/0
   143 | D:1      | Reached XP level 2. HP: 26/27 MP: 1/1
   623 | D:2      | Noticed Ijyb
   636 | D:2      | Killed Ijyb
   636 | D:2      | Reached XP level 3. HP: 27/33 MP: 2/2
   695 | D:2      | Noticed Sigmund
   720 | D:2      | Killed Sigmund
   720 | D:2      | Reached skill level 1 in Dodging
   720 | D:2      | Reached XP level 4. HP: 36/41 MP: 3/3
   720 | D:2      | Reached XP level 5. HP: 42/47 MP: 4/4
   798 | D:2      | Found a runed door.
   899 | D:2      | Reached skill level 5 in Armour
  1018 | D:2      | Found a shattered altar of Ashenzari.
  1297 | D:2      | Noticed Crazy Yiuf
  1303 | D:2      | Killed Crazy Yiuf
  1303 | D:2      | Reached skill level 5 in Shields
  1303 | D:2      | Reached XP level 6. HP: 40/55 MP: 0/5
  1538 | D:3      | Reached skill level 5 in Fighting
  1778 | D:3      | Noticed Grinder
  1794 | D:3      | Killed Grinder
  1794 | D:3      | Reached skill level 5 in Axes
  1823 | D:3      | HP: 1/56 [ogre/giant club (11)]
  1825 | D:3      | Mangled by an ogre

Vault maps used:
D:1:      lemuel_arrival_rhombus
D:2:      nicolae_overflow_crystal_walls, uniq_iyjb, uniq_crazy_yiuf_cottage,
          uniq_sigmund
D:3:      tgw_fedhas, serial_bayou, serial_bayou_pond_d, uniq_grinder

Skill      XL: |  1  2  3  4  5  6 |
---------------+-------------------+-----
Fighting       | 4 5 |  5.4
Armour         | 4 5 |  5.5
Shields        | 4 5 |  5.4
Axes           | 4 5 |  5.2
Dodging        | 1 |  1.3

Action                   |  1- 3 |  4- 6 || total
-------------------------+-------+-------++-------
Melee: War axe           |    42 |    89 ||   131
       Headbutt          |     7 |    12 ||    19
  Use: Potion            |     1 |     1 ||     2
       Scroll            |       |     1 ||     1
  Eat: Chunk             |       |     3 ||     3
Armor: Scale mail        |    24 |    30 ||    54
Dodge: Dodged            |    18 |    29 ||    47
Block: Shield            |    27 |    36 ||    63
